 Dungeon Crawl Stone Soup version 0.31.0-2-g5a2aebc5c2 (webtiles) character file.

Game seed: 18302320668311975411

42 ketsa the Trooper (level 3, 33/33 HPs)
             Began as a Minotaur Fighter on Jan 20, 2024.
             Was a Follower of Kikubaaqudgha.
             Got out of the dungeon alive.
             The game lasted 00:05:26 (1267 turns).

ketsa the Trooper (Minotaur Fighter)                Turns: 1267, Time: 00:05:27

Health: 33/33      AC:  6    Str: 22    XL:     3   Next: 35%
Magic:  2/2        EV:  9    Int:  5    God:    Kikubaaqudgha [*.....]
Gold:   89         SH:  4    Dex:  9    Spells: 2/2 levels left

rFire   . . .        a - +0 war axe
rCold   . . .        c - +0 buckler
rNeg    . . .        b - +0 scale mail
rPois   .            (helmet restricted)
rElec   .            (no cloak)
rCorr   .            (no gloves)
SInv    .            (no boots)
Will    .....        n - amulet of regeneration Stlth
                     (no ring)
HPRegen 1.05/turn    (no ring)
MPRegen 0.08/turn

%: no passive effects
@: no status effects
A: horns 2, retaliatory headbutt
a: Renounce Religion, Unearth Wretches


You escaped.
You worshipped Kikubaaqudgha.
Kikubaaqudgha was aware of your devotion.
You visited 1 branch of the dungeon, and saw 3 of its levels.

You collected 89 gold pieces.

Inventory:

Hand Weapons
 a - a +0 war axe (weapon)
 g - a +0 sling
Armour
 b - a +0 scale mail (worn)
 c - a +0 buckler (worn)
 l - a +0 helmet
 q - a +0 scale mail
Jewellery
 n - an amulet of regeneration (around neck)
Scrolls
 e - a scroll of fog {unknown}
 f - a scroll of brand weapon {unknown}
 h - a scroll of teleportation
 j - a scroll of identify {unknown}
 k - a scroll of revelation {unknown}
 m - a scroll of fear {unknown}
 p - a scroll of poison {unknown}
 r - a scroll of vulnerability {unknown}
Potions
 d - a potion of might
 i - 2 potions of haste {unknown}
 o - a potion of mutation {unknown}


   Skills:
 + Level 4.1 Fighting
 * Level 3.7 Axes
 - Level 3.6 Armour
 + Level 4.1 Shields


You had 2 spell levels left.
You didn't know any spells.
Your spell library contained the following spells:

 Spells                   Type           Power      Damage    Failure   Level
 Kiss of Death            Conj/Necr      0%         2d5       86%         1
 Magic Dart               Conj           0%         1d3       86%         1
 Necrotise                Necr           0%         1d4       86%         1
 Blink                    Tloc           0%         N/A       94%         2
 Call Imp                 Summ           0%         N/A       94%         2
 Vampiric Draining        Necr           0%         2d6       99%         3
 Animate Dead             Necr           0%         N/A       100%        4


Dungeon Overview and Level Annotations

Branches:
Dungeon (3/15)

Altars:
Kikubaaqudgha

Shops:
D:1 *

Annotations:
D:2 Jessica


Innate Abilities, Weirdness & Mutations

You have a pair of horns on your head.
You reflexively headbutt those who attack you in melee.


Message History

The ball python hisses angrily.
You slash the ball python!
You kill the ball python!
You completely miss the demonic plant. You barely miss the giant cockroach.
You hit the demonic plant but do no damage.
You block the giant cockroach's attack.
The giant cockroach bites you but does no damage.
You hit the giant cockroach.
You kill the giant cockroach!
You hit the demonic plant.
The demonic plant begins to die.
Things that are here:
a giant cockroach corpse; a ball python corpse A nearby demonic plant withers and dies.
There is a faded altar of an unknown god here.
Sorry, you're not good enough to have a special ability.
This altar belongs to (a) Qazlal, (b) Kikubaaqudgha or (c) Lugonu, but you can't tell which.
Press the corresponding letter to learn more about a god, or press enter to convert or escape to cancel.
Okay, then.
This altar belongs to (a) Qazlal, (b) Kikubaaqudgha or (c) Lugonu, but you can't tell which.
Press the corresponding letter to learn more about a god, or press enter to convert or escape to cancel.
Kikubaaqudgha accepts your prayer! Kikubaaqudgha welcomes you!
You can now bring forth the wretched and dying.
Kikubaaqudgha grants you a gift!
You add the spells Kiss of Death, Necrotise, Vampiric Draining and Animate Dead to your library.
Unknown command.
Press < or > to pray at altars.
Unknown command.
Press < or > to pray at altars.
Okay, then.
Nothing quivered!
There is a stone staircase leading up here.
You climb upwards.
Level annotation: Jessica
There is a stone staircase leading down here.
There is a stone staircase leading up here.
You climb upwards.
There is a stone staircase leading down here.
There is an open door here.
There is a staircase leading out of the dungeon here.
You have escaped!

.................................
..##########............##...####
..# ############'#######...####
..#####~~~≈≈~~~≈.P..♣♣♣♣ #.......
).#...'..~≈≈~PP~~.....P♣♣#.......
#.#.###....~~PPP~~~.<...♣##......
#...# #♣.)..~~~PPP~≈.....#.......
...## ♣♣.....~~~~~~~....'.######
....### ♣♣♣.....@..~≈~~~~###
......### ######'#############
...##...#### #..#####......#
...####....# ##............# ...#
####.########..........# ####
#....#..........#####
####............#
######.......##### #
#....##.############ #


There were no monsters in sight!

Vanquished Creatures
  7 ball pythons
  2 bats
  6 endoplasms
  3 giant cockroaches
  3 goblins
  3 hobgoblins
  4 jackals (D:1)
  A quokka (D:2)
  2 frilled lizards
  3 kobolds
  3 rats
37 creatures vanquished.

Notes
Turn   | Place    | Note
-------+----------+-------------------------------------------
     0 | D:1      | ketsa the Minotaur Fighter began the quest for the Orb.
     0 | D:1      | Reached XP level 1. HP: 19/19 MP: 0/0
   117 | D:1      | Reached XP level 2. HP: 23/27 MP: 1/1
   318 | D:1      | Found Asee's Assorted Antiques.
   768 | D:2      | Reached XP level 3. HP: 33/33 MP: 2/2
   802 | D:2      | Noticed Jessica
  1173 | D:3      | Found a faded altar of an unknown god.
  1208 | D:3      | Prayed at the altar of an unknown god.
  1208 | D:3      | Became a worshipper of Kikubaaqudgha
  1208 | D:3      | Reached * piety under Kikubaaqudgha
  1208 | D:3      | Received a gift from Kikubaaqudgha
  1267 | D:$      | Got out of the dungeon alive.

Illustrated notes

Levels and vault maps discovered:
D:1:      tarquinn_simple_flora_water_c, layout_basic, serial_shops, shop
D:2:      layout_rooms, uniq_jessica
D:3:      layout_loops_ring, shapermc_ecumenical_altar_gd

Skill      XL: |  1  2 |
---------------+-------+-----
Axes           | 3 |  3.7
Fighting       | 4 |  4.1
Shields        | 4 |  4.1
Armour         | |  3.6

Action                     || total
---------------------------++-------
  Melee: War axe           ||    81
         Headbutt          ||    10
         Unarmed           ||     2
    Use: Scroll            ||     1
 Armour: Scale mail        ||    54
         Skin              ||     1
  Dodge: Dodged            ||    29
  Block: Buckler           ||    22
